General information
- name: BNet
- type: Ladder 1vs1/FFA
- host: Battle.net
- saver: Yuen.ael
map: TerenasStand
- players: 2
- length: 05:35
- speed: Fast
- version: 1.24 W3XP
- replay type: Public
» download(12 KB)
Players
team 1 (winner)
Yuen.ael (
purple | 42 APM | 233 actions | 05:35)
» actions
| Assign group hotkey | 2 | |
| Basic commands | 30 | |
| Build / train | 14 | |
| ESC pressed | 2 | |
| Enter build submenu | 7 | |
| Right click | 112 | |
| Select / deselect | 46 | |
| Select group hotkey | 13 | |
| Use ability | 7 | |
233 total
» units
» buildings
| Orc Burrow | 1 | |
| War Mill | 1 | |
| Watch Tower | 4 | |
6 total
» build order
00:42 Orc Burrow
01:30 War Mill
03:26 Watch Tower
03:28 Watch Tower
03:29 Watch Tower
03:31 Watch Tower
team 2 (loser)
chewie23 (
orange | 16 APM | 90 actions | 05:32)
1 Priestess of the Moon
1 Trueshot Aura
» actions
| Build / train | 16 | |
| Enter build submenu | 7 | |
| Enter hero's abilities submenu | 1 | |
| Right click | 8 | |
| Select / deselect | 44 | |
| Use ability | 14 | |
90 total
» units
» buildings
| Altar of Elders | 1 | |
| Hunter's Hall | 1 | |
| Moon Well | 2 | |
| Ancient Protector | 2 | |
| Ancient of War | 1 | |
7 total
» build order
00:12 Altar of Elders
01:19 Hunter's Hall
01:34 Moon Well
03:08 Moon Well
04:06 Ancient Protector
04:23 Ancient of War
04:30 Ancient Protector
Chat log
(03:22 / All) Yuen.ael: PEON RUSH KEKEKEKE
(03:42 / All) chewie23: lol
(05:26 / All) chewie23: grrrrrrr
(05:28 / All) Yuen.ael: rofl